AoeStats
← Noir_Angel

Four Lakes

510163370Analyzed
1v1 RM · 1d ago on Sep 29, 2026· 28m 32s· 2 players
Game mode
Random Map
Map size
Tiny (2 player)
Population
200
Speed
Normal
Resources
Standard
Victory
Conquest
Starting age
Dark Age
Ending age
Imperial Age
RankedLock teamsTeams togetherTeam positionsShared explorationLock speedFull tech treeHidden civsTurbo modeCheats
Victory
Defeat
🇬🇧 Mongols · United Kingdom
1010
+16
🇩🇪 Goths · Germany
1010
-16
Noir_Angel
6:53 Loom
11:05 Feudal Age
11:25 Man-at-Arms
13:32 Double-Bit Axe
17:05 Fishing Lines
17:45 Scale Mail Armor
20:26 Horse Collar
22:54 Castle Age
24:09 Bow Saw
24:01 Heavy Plow
23:31 Pikeman
28:43 Chain Mail Armor
Rubbermaid
6:40 Loom
9:10 Feudal Age
13:34 Scale Barding Armor
13:39 Forging
15:14 Bloodlines
21:01 Castle Age
19:57 Fletching
21:06 Wheelbarrow
20:34 Fishing Lines
21:27 Padded Archer Armor
22:38 Bodkin Arrow
23:20 Husbandry
24:12 Leather Archer Armor
24:04 Double-Bit Axe
28:13 Thumb Ring
29:29 Ballistics
Connection lost

Rejoining the realm…

Still unreachable

The connection could not be restored.

Session expired

The server has moved on; the page needs a fresh start.